 Dungeon Crawl Stone Soup version 0.21.1-1-g345015f (webtiles) character file.

136535 aMcNicky the Bludgeoner (level 16, -2/134 HPs)
             Began as a Mummy Assassin on Mar 29, 2018.
             Was an Initiate of Gozag.
             Killed from afar by a shock serpent (18 damage)
             ... with a bolt of electricity
             ... on level 2 of the Snake Pit on Mar 31, 2018.
             The game lasted 03:43:39 (53267 turns).

aMcNicky the Bludgeoner (Mummy Assassin)           Turns: 53267, Time: 03:43:39

Health: -2/134     AC: 42    Str: 26    XL:     16   Next: 67%
Magic:  16/16      EV: 17    Int: 13    God:    Gozag
Gold:   6670       SH: 23    Dex: 24    Spells: 15/15 levels left

rFire    + . .     SeeInvis +   a - +6 flail (crush)
rCold    + . .     Gourm    .   L - +2 shield
rNeg     + + +     Faith    .   o - +4 plate armour {rF+}
rPois    ∞         Spirit   .   O - +2 helmet {SInv}
rElec    .         Reflect  +   d - +1 cloak
rCorr    .         Harm     .   C - +5 pair of gloves of Mecsuuh {+Blink Int-2 Dex+5 Slay-3}
MR       ++...                  G - +2 pair of boots
Stlth    ..........             r - brooch of Shielding {Reflect SH+8}
HPRegen  0.32/turn              E - +6 ring of protection
MPRegen  0.15/turn              M - ring of the Evening {+Fly rF+}

@: mighty, brilliant, agile
A: no food or potions, fire vulnerability, cold resistance 1, negative energy
resistance 3, torment resistance, unbreathing, in touch with death 1
a: Potion Petition, Call Merchant, Bribe Branch, Renounce Religion, Evoke Blink,
Evoke Flight


You were on level 2 of the Snake Pit.
You worshipped Gozag.
Gozag was greatly pleased with you.
You were not hungry.

You visited 5 branches of the dungeon, and saw 26 of its levels.
You also visited: Labyrinth and Ice Cave.

You collected 10851 gold pieces.
You spent 299 gold pieces at shops.
You paid 3882 gold pieces to Gozag.

Inventory:

Hand Weapons
 a - a +6 flail of crushing (weapon)
 b - a +1 demon whip of flaming
 N - a +1 demon whip of venom
 V - a +0 blowgun
Missiles
 m - 66 poisoned needles
 D - 3 needles of confusion
Armour
 d - a +1 cloak (worn)
 o - a +4 plate armour of fire resistance (worn)
 C - the +5 pair of gloves of Mecsuuh (worn) {+Blink Int-2 Dex+5 Slay-3}
   (You found it on level 8 of the Dungeon)

   It affects your intelligence (-2).
   It affects your dexterity (+5).
   It affects your accuracy and damage with ranged weapons and melee attacks
   (-3).
   It lets you blink.
 G - a +2 pair of boots (worn)
 J - a +2 plate armour of cold resistance
 L - a +2 shield (worn)
 O - a +2 helmet of see invisible (worn)
Jewellery
 l - an uncursed ring of resist corrosion
 r - the brooch of Shielding (around neck) {Reflect SH+8}
   (You took it off a minotaur in a labyrinth)

   [amulet of reflection]

   It shields you and reflects attacks.
   It affects your SH (+8).
 s - an uncursed ring of stealth
 E - a +6 ring of protection (left hand)
 F - an uncursed ring of flight
 H - an uncursed ring of ice
 M - the ring of the Evening (right hand) {+Fly rF+}
   (You took it off Azrael on level 12 of the Dungeon)

   [ring of protection from fire]

   It protects you from fire.
   It lets you fly.
Wands
 c - a wand of disintegration (19)
 n - a wand of acid (31)
 q - a wand of iceblast (4)
 v - a wand of random effects (49)
 x - a wand of polymorph (46)
 z - a wand of paralysis (14)
 B - a wand of flame (193)
 S - a wand of scattershot (5)
Scrolls
 e - 13 scrolls of identify {@r1}
 f - 5 scrolls of fog
 g - 6 scrolls of amnesia
 h - 15 scrolls of remove curse {@r2}
 i - 4 scrolls of teleportation
 j - 6 scrolls of magic mapping
 p - 3 scrolls of fear
 u - 6 scrolls of immolation
 w - 3 scrolls of enchant armour
 A - a scroll of brand weapon
 I - a scroll of blinking
 K - 2 scrolls of silence
Books
 t - a book of Debilitation

   Spells                             Type                      Level
   a - Corona                         Hexes                        1
   b - Slow                           Hexes                        2
   c - Inner Flame                    Hexes/Fire                   3
   d - Portal Projectile              Hexes/Translocation          3
   e - Cause Fear                     Hexes                        4
   f - Leda's Liquefaction            Hexes/Earth                  4
 P - a book of the Tempests

   Spells                             Type                      Level
   a - Static Discharge               Conjuration/Air              3
   b - Lightning Bolt                 Conjuration/Air              5
   c - Ignition                       Fire                         8
   d - Tornado                        Air                          9
   e - Shatter                        Earth                        9
 Q - a Fen Folio

   Spells                             Type                      Level
   a - Corpse Rot                     Necromancy                   2
   b - Stone Arrow                    Conjuration/Earth            3
   c - Leda's Liquefaction            Hexes/Earth                  4
   d - Summon Forest                  Summoning/Translocation      5
   e - Hydra Form                     Transmutation                6
   f - Summon Hydra                   Summoning                    7
Miscellaneous
 k - a phantom mirror
 y - a fan of gales


   Skills:
 + Level 14.9 Fighting
   Level 1.5 Short Blades
 * Level 15.0 Maces & Flails
 - Level 1.5 Throwing
 + Level 12.7 Armour
 + Level 7.1 Dodging
 - Level 3.2 Stealth
 + Level 7.5 Shields


You had 15 spell levels left.
You didn't know any spells.

Dungeon Overview and Level Annotations

Branches:
Dungeon (15/15) Temple (1/1) D:6 Lair (6/6) D:8 Shoals (0/4) Lair:3 Snake (2/4) Lair:2 Slime (0/5) Lair:6 Orc (2/2) D:9 Elf (0/3) Orc:2 Vaults (0/5) D:12 D:13 Depths (0/5) D:15

Altars:
Ashenzari
Cheibriados
Dithmenos
Elyvilon
Fedhas
Gozag
Hepliaklqana
Kikubaaqudgha
Makhleb
Nemelex Xobeh
Okawaru
Qazlal
Ru
Sif Muna
Trog
Uskayaw
Vehumet
Wu Jian
Xom
Yredelemnul
Zin
The Shining One
Beogh

Shops:
D:4 *   D:13 *   Orc:2 [(*

Annotations:
D:6 exclusion: oklob plant
D:8 exclusion: statue
D:10 exclusion: obsidian statue
Lair:1 exclusion: 2 oklob plants
Lair:6 1 runed door


Innate Abilities, Weirdness & Mutations

You do not eat or drink.
Your flesh is vulnerable to fire.
You are immune to poison.
Your flesh is cold resistant. (rC+)
You are immune to negative energy. (rN+++)
You are immune to unholy pain and torment.
You can survive without breathing.
You are in touch with the powers of death.


Message History

[a] - 575 gold - resistance, flight, invisibility and agility [b] - 575 gold - flight, agility, invisibility and resistance [c] - 252 gold - might, agility and brilliance Purchase which effect?
You feel very mighty all of a sudden.
You feel agile all of a sudden.
You feel clever all of a sudden. You block the shock serpent's attack.
The shock serpent shoots out a bolt of lightning at you!
The bolt of electricity hits you!
* * * LOW HITPOINT WARNING * * *
The bolt of electricity hits you!
You bludgeon the shock serpent!!
The shock serpent is almost dead.
The shock serpent's electric aura discharges, shocking you!
The shock serpent shoots out a bolt of lightning at you!
The bolt of electricity hits you!
* * * LOW HITPOINT WARNING * * *
The bolt of electricity hits you!
You die...
Your body crumbles into a pile of gold.

#...#...## #>.##.
#...##...# #..#...
#....#...# #..#..
#.....#..## .....
.........# #.....
.####....####......
###...#....#...
##...........
##..@......#
##.S....###
#....### .....# $
....... $ ##.......
#.....### #.....#


You could see a shock serpent.

Vanquished Creatures
  Kirke (D:12)
  A nagaraja (Snake:1)
  A frost giant (IceCv)
  An orc warlord (Orc:2)
  Aizul (Snake:1)
  Azrael (D:12)
  Snorg (Orc:2)
  A minotaur (Lab)
  A catoblepas (D:13)
  4 naga warriors (Snake:1)
  5 hydras
  An ice dragon (Lair:5)
  A vault guard (D:15)
  Harold (Lair:2)
  The ghost of p0werm0de the Covert, a journeyman GnEn of Cheibriados (Orc:2)
  7 anacondas (Snake:1)
  6 two-headed ogres
  2 centaur warriors
  Erica (D:11)
  3 death yaks
  2 tengu warriors
  A naga sharpshooter (Snake:2)
  The ghost of tidbits the Magician, a novice GnIE of Cheibriados (Orc:2)
  2 orc high priests
  Nergalle (Orc:2)
  2 skeletal warriors (D:15)
  3 naga ritualists (Snake:1)
  An unseen horror (D:15)
  7 orc knights
  3 lindwurms
  A tengu zombie (D:15)
  A phantasmal warrior (D:14)
  2 deep elf magi (D:14)
  A necromancer (D:15)
  4 mana vipers (Snake:1)
  4 orc sorcerers
  A wolf spider (Lair:6)
  6 ugly things
  3 cyclopes
  A salamander (Snake:1)
  A manticore (D:14)
  16 elephants
  A fire giant skeleton (D:15)
  4 naga magi (Snake:1)
  A merfolk siren (Lair:3)
  2 centaur zombies
  A gargoyle (D:15)
  25 black mambas
  An ice statue (IceCv)
  2 guardian serpents
  4 rime drakes
  17 spiny frogs
  A yaktaur zombie (D:15)
  6 torpor snails (Lair:6)
  A kobold demonologist (D:12)
  11 komodo dragons
  4 tengu conjurers
  An efreet (D:14)
  A yaktaur skeleton (D:15)
  4 tyrant leeches (Lair:6)
  13 polar bears
  8 trolls
  9 hornets
  Grinder (D:6)
  4 hippogriffs
  3 slime creatures (D:12)
  8 blink frogs
  5 dream sheep (Lair:6)
  2 shadows
  2 redbacks (Lair:6)
  71 yaks
  A vampire (D:10)
  A redback (shapeshifter) (D:15)
  12 wyverns
  6 basilisks
  2 fire elementals (D:12)
  A hog (D:12)
  16 humans
  4 fire bats (Lair:5)
  2 hungry ghosts
  6 vampire mosquitoes
  5 wargs (Orc:2)
  21 nagas
  Edmund (D:4)
  4 hell hounds (D:12)
  25 water moccasins
  6 porcupines
  2 black bears
  36 orc warriors
  6 ice beasts
  A sky beast (D:14)
  12 centaurs
  2 necrophages
  3 phantoms
  13 ogres
  7 crocodiles
  28 wolves
  7 big kobolds
  A gnoll sergeant (D:7)
  7 earth elementals (D:13)
  16 bullfrogs
  2 wyvern zombies
  6 scorpions
  6 killer bees
  3 wights (D:10)
  2 howler monkeys
  4 electric eels (D:9)
  6 crimson imps
  A bullfrog zombie (D:6)
  3 bullfrog skeletons
  9 centaur skeletons
  7 hounds
  21 jellies
  29 orc priests
  2 gnoll shamans
  34 orc wizards
  Natasha (thrice) (D:4 D:3)
  4 iguanas
  8 worker ants
  A killer bee zombie (D:8)
  A hound zombie (D:11)
  A howler monkey zombie (D:8)
  Robin (D:2)
  20 gnolls
  15 adders
  4 shadow imps
  19 oozes
  2 adder skeletons
  7 worms
  2 dart slugs
  2 leopard geckos
  113 orcs
  4 giant cockroaches
  16 goblins
  10 hobgoblins
  16 jackals
  26 kobolds
  3 quokkas
  6 ball pythons
  8 bats
  7 frilled lizards
  A giant cockroach zombie (D:5)
  3 leopard gecko skeletons
  A quokka zombie (D:3)
  2 rats
1013 creatures vanquished.

Vanquished Creatures (others)
  Nessos (D:13)
  2 polar bears (IceCv)
  A hog (D:12)
  A wolf (IceCv)
  6 centaurs
  A crimson imp (D:9)
  An orc wizard (Orc:2)
  2 orcs (D:13)
  39 fungi
  62 plants
116 creatures vanquished.

Grand Total: 1129 creatures vanquished

Notes
Turn   | Place    | Note
-------+----------+-------------------------------------------
     0 | D:1      | aMcNicky the Mummy Assassin began the quest for the Orb.
     0 | D:1      | Reached XP level 1. HP: 16/16 MP: 1/1
   751 | D:1      | Reached XP level 2. HP: 23/23 MP: 2/2
   816 | D:1      | Reached skill level 1 in Maces & Flails
  1517 | D:2      | Found a stormy altar of Qazlal.
  1517 | D:2      | Found an iron altar of Okawaru.
  1581 | D:2      | Noticed Robin
  1613 | D:2      | Killed Robin
  1613 | D:2      | Reached skill level 2 in Maces & Flails
  1613 | D:2      | Reached XP level 3. HP: 24/28 MP: 3/3
  2804 | D:2      | Found a shattered altar of Ashenzari.
  3177 | D:2      | Reached XP level 4. HP: 34/34 MP: 4/4
  3357 | D:3      | Reached skill level 3 in Maces & Flails
  3401 | D:3      | Found an ornate altar of the Wu Jian Council.
  4441 | D:3      | Reached XP level 5. HP: 23/39 MP: 5/5
  4842 | D:4      | Noticed an ice beast
  4874 | D:4      | Reached skill level 4 in Maces & Flails
  5157 | D:4      | Noticed a water moccasin
  5302 | D:4      | Noticed Natasha
  5544 | D:4      | Noticed a water moccasin
  5590 | D:4      | Killed Natasha
  5590 | D:4      | Reached XP level 6. HP: 31/46 MP: 6/6
  5602 | D:4      | Noticed Natasha
  5614 | D:3      | Killed Natasha
  5900 | D:4      | Reached skill level 5 in Maces & Flails
  6391 | D:3      | Noticed Natasha
  6403 | D:3      | Killed Natasha
  6627 | D:4      | Killed a water moccasin
  6627 | D:4      | Reached skill level 1 in Armour
  6980 | D:4      | Reached XP level 7. HP: 25/52 MP: 7/7
  7345 | D:4      | Found Ycsoun Fahye's Serpentskin Sales.
  7865 | D:4      | Noticed Edmund
  7913 | D:4      | Killed Edmund
  7984 | D:4      | Reached skill level 6 in Maces & Flails
  7984 | D:4      | Reached XP level 8. HP: 49/61 MP: 8/8
  8131 | D:5      | Entered Level 5 of the Dungeon
  8400 | D:5      | Reached skill level 5 in Fighting
  8507 | D:5      | Found a bloodstained altar of Trog.
  8706 | D:5      | Found a blossoming altar of Fedhas.
  9224 | D:6      | Found a staircase to the Ecumenical Temple.
  9577 | D:6      | Noticed Grinder
  9590 | D:6      | Killed Grinder
  9602 | D:6      | Found a shadowy altar of Dithmenos.
  9611 | D:6      | Reached skill level 7 in Maces & Flails
  9611 | D:6      | Reached XP level 9. HP: 64/69 MP: 9/9
 10472 | D:6      | Noticed an oklob plant
 10502 | D:6      | Reached skill level 5 in Armour
 10806 | D:7      | Found a sparkling altar of Nemelex Xobeh.
 11088 | D:7      | HP: 3/72 [orc warrior/hand axe (14)]
 12248 | D:7      | Reached skill level 8 in Maces & Flails
 13258 | D:7      | Reached XP level 10. HP: 80/80 MP: 10/10
 13864 | Temple   | Entered the Ecumenical Temple
 13910 | Temple   | Became a worshipper of Gozag Ym Sagoz the Greedy
 14045 | D:8      | Got a pair of encrusted gloves
 14051 | D:8      | Identified the +5 pair of gloves of Mecsuuh {+Blink Int-2 Dex+5 Slay-3} (You found it on level 8 of the Dungeon)
 14403 | D:8      | Noticed a death yak
 14407 | D:8      | Noticed a death yak
 14407 | D:8      | Noticed a death yak
 14813 | D:8      | Found a radiant altar of Vehumet.
 14938 | D:8      | Found a staircase to the Lair.
 14982 | D:8      | Killed a death yak
 16317 | D:7      | Reached skill level 9 in Maces & Flails
 16469 | D:8      | Killed a death yak
 17299 | D:9      | Reached XP level 11. HP: 56/89 MP: 11/11
 17992 | D:9      | Found a staircase to the Orcish Mines.
 19139 | D:10     | Entered Level 10 of the Dungeon
 19724 | D:10     | Noticed an obsidian statue
 20652 | D:11     | Reached skill level 10 in Fighting
 21180 | D:11     | Noticed Erica
 21356 | Lair:1   | Entered Level 1 of the Lair of Beasts
 22217 | Lair:1   | Reached skill level 10 in Maces & Flails
 22648 | Lair:1   | Noticed an oklob plant
 22648 | Lair:1   | Noticed an oklob plant
 23543 | Lair:2   | Found a staircase to the Snake Pit.
 23577 | Lair:2   | Noticed a four-headed hydra
 23634 | Lair:2   | Killed a four-headed hydra
 24286 | Lair:2   | Reached XP level 12. HP: 88/100 MP: 12/12
 24419 | Lair:2   | Noticed Harold
 25710 | Lair:2   | Noticed a seven-headed hydra
 25730 | Lair:2   | Killed a seven-headed hydra
 26051 | Lair:2   | Killed Harold
 27451 | Lair:3   | Reached skill level 11 in Maces & Flails
 27560 | Lair:3   | Found a staircase to the Shoals.
 28320 | Lair:4   | Noticed an eight-headed hydra
 28344 | Lair:3   | Killed an eight-headed hydra
 28344 | Lair:3   | Reached skill level 10 in Armour
 28882 | Lair:4   | Identified a scroll of acquirement
 29287 | Lair:5   | Found a frozen archway.
 29292 | Lair:5   | Noticed an ice dragon
 29341 | Lair:5   | Killed an ice dragon
 29670 | IceCv    | Entered an ice cave
 30334 | IceCv    | Gained mutation: You are in touch with the powers of death. [Mummy growth]
 30334 | IceCv    | Reached XP level 13. HP: 109/109 MP: 13/13
 31282 | IceCv    | Noticed a frost giant
 31306 | IceCv    | Killed a frost giant
 31707 | Lair:5   | Reached skill level 1 in Dodging
 31779 | Lair:5   | Reached skill level 12 in Maces & Flails
 33007 | Lair:6   | Entered Level 6 of the Lair of Beasts
 33234 | Lair:6   | Found a staircase to the Slime Pits.
 34559 | Lair:6   | Reached XP level 14. HP: 117/118 MP: 14/14
 34757 | Lair:6   | Reached skill level 1 in Shields
 35009 | Lair:6   | Found a runed door.
 36560 | Lair:6   | Reached skill level 13 in Maces & Flails
 36950 | Lair:6   | Got an ichor-stained scale mail
 36961 | Lair:6   | Identified the +3 scale mail "Hufulo" {*Slow rPois Dex+9 SInv} (You found it on level 6 of the Lair of Beasts)
 37189 | Lair:6   | Found a shattered altar of Ashenzari.
 38329 | Orc:1    | Entered Level 1 of the Orcish Mines
 38610 | Orc:2    | Entered Level 2 of the Orcish Mines
 38945 | Orc:2    | Noticed p0werm0de's ghost (journeyman GnEn)
 38988 | Orc:2    | Killed p0werm0de's ghost
 39708 | Orc:2    | Noticed tidbits's ghost (novice GnIE)
 39760 | Orc:2    | Killed tidbits's ghost
 40053 | Orc:2    | Noticed Nergalle
 40078 | Orc:2    | Killed Nergalle
 40455 | Orc:2    | Noticed an orc warlord
 40491 | Orc:2    | Killed an orc warlord
 40582 | Orc:2    | Reached skill level 5 in Shields
 40774 | Orc:2    | Found a roughly hewn altar of Beogh.
 40822 | Orc:2    | Reached XP level 15. HP: 57/125 MP: 15/15
 41181 | Orc:2    | Found Zuig's Jewellery Shoppe.
 41188 | Orc:2    | Found Nuoleman's General Store.
 41227 | Orc:2    | Found a staircase to the Elven Halls.
 41242 | Orc:2    | Found Ukodor's Antique Armour Shoppe.
 41296 | Orc:2    | Bought a runed helmet for 187 gold pieces
 41888 | Orc:2    | Found Qiyfus's Antique Weapon Shoppe.
 42303 | Orc:1    | Noticed Snorg
 42632 | Orc:2    | Killed Snorg
 42632 | Orc:2    | Reached skill level 5 in Dodging
 44155 | D:11     | Killed Erica
 44305 | D:12     | Found a labyrinth entrance.
 44469 | D:12     | Noticed Kirke
 44521 | D:12     | Noticed Azrael
 44691 | Lab      | Entered a labyrinth
 46240 | Lab      | Got a brightly glowing glass ring
 46835 | D:12     | Killed Azrael
 47107 | D:12     | Got a crude tin ring
 47112 | D:12     | Identified the ring of the Evening {+Fly rF+} (You took it off Azrael on level 12 of the Dungeon)
 47114 | D:12     | Identified the ring of Ciotz {Ice Str-5 Int+4 Dex+7 SInv} (You found it in a labyrinth)
 47153 | D:12     | Noticed a sphinx
 47157 | D:12     | Killed Kirke
 47322 | D:13     | Found a gate to the Vaults.
 47322 | D:13     | Noticed Nessos
 47840 | D:13     | Reached skill level 14 in Maces & Flails
 47887 | D:13     | Killed Nessos
 48459 | D:13     | Found Iday's General Store.
 48462 | D:13     | Bought a scroll of enchant armour for 112 gold pieces
 49413 | D:14     | Reached XP level 16. HP: 128/134 MP: 16/16
 49696 | D:15     | Entered Level 15 of the Dungeon
 49726 | D:15     | Found a staircase to the Depths.
 50481 | D:15     | Found an opulent altar of Gozag.
 50564 | D:15     | Found a portal to a secret trove of treasure.
 50833 | Snake:1  | Entered Level 1 of the Snake Pit
 53063 | Snake:2  | Noticed Aizul
 53088 | Snake:1  | Killed Aizul
 53221 | Snake:2  | Reached skill level 15 in Maces & Flails
 53267 | Snake:2  | Killed from afar by a shock serpent

Skill      XL: |  1  2  3  4  5  6  7  8  9 10 11 12 13 14 15 16 |
---------------+-------------------------------------------------+-----
Maces & Flails | 2 3 4 5 6 7 8 9 10 11 12 13 14 15 | 15.0
Fighting       | 3 4 6 7 9 11 12 13 14 | 14.9
Armour         | 1 3 4 6 7 9 10 11 12 | 12.7
Dodging        | 3 4 6 7 |  7.1
Shields        | 5 6 7 |  7.5
Short Blades   | |  1.5
Throwing       | |  1.5
Stealth        | |  3.2

Action                   |  1- 3 |  4- 6 |  7- 9 | 10-12 | 13-15 | 16-18 || total
-------------------------+-------+-------+-------+-------+-------+-------++-------
Melee: Dagger            |    15 |       |       |       |       |       ||    15
       Club              |   183 |       |       |       |       |       ||   183
       Mace              |     5 |   186 |    84 |       |       |       ||   275
       Flail             |       |       |   371 |  1217 |  2122 |   133 ||  3843
       Demon whip        |       |       |       |       |   705 |   693 ||  1398
 Fire: Blowgun           |    27 |    63 |    99 |   186 |    13 |       ||   388
Invok: Potion Petition   |       |       |       |     6 |     4 |     1 ||    11
 Abil: Evoke Blink       |       |       |       |       |     3 |     1 ||     4
       Evoke Flight      |       |       |       |       |       |     5 ||     5
Evoke: Wand              |       |       |       |       |    28 |       ||    28
       Fan of gales      |       |       |       |       |     1 |       ||     1
  Use: Scroll            |     2 |     7 |     2 |    13 |     9 |       ||    33
 Stab: Sleeping          |       |     3 |     4 |     2 |       |       ||     9
       Distracted        |       |       |     2 |     3 |    13 |     2 ||    20
       Confused          |       |       |       |     2 |     2 |       ||     4
Armor: Robe              |    71 |    58 |       |       |       |       ||   129
       Scale mail        |       |    23 |   218 |   804 |       |       ||  1045
       Plate armour      |       |       |       |    11 |  1452 |   205 ||  1668
Dodge: Dodged            |   135 |   124 |   197 |   586 |   628 |    96 ||  1766
Block: Shield            |       |       |       |       |  1174 |   512 ||  1686
       Reflection        |       |       |       |       |    30 |    45 ||    75
